UAA
MERCER ISLAND SCREAMING EAGLES @ PHOENIX HOTSPUR YOUTH
07/20/2018
 
TOP OF THE 1ST
Mercer Island Screaming Eagles batting - Pitching for Phoenix Hotspur Youth : RHP Craig Fawsyde
Pitching: RHP Craig Fawsyde
Batting: SHB Mauro López 0-0: SINGLE (Line Drive, 6M)
Batting: SHB Stephen Yates 0-0: Called Strike
Mauro López steals 2nd base
0-1: Foul Ball, location: 2F
0-2: Strikes out looking
Batting: LHB Mike Russell 0-0: Ball
1-0: Ball
2-0: Called Strike
2-1: Foul Ball, location: 2F
2-2: SINGLE (Groundball, 4MD)
Mauro López to third
Runner from 3rd tries for Home, SAFE, no throw or cutoff
Batting: RHB Paul Houston 0-0: Called Strike
0-1: Ball
1-1: DOUBLE (Line Drive, 4D)
Mike Russell to third
Batting: RHB Scotty Anderson 0-0: Ball
1-0: Ball
2-0: Ball
3-0: Base on Balls
Batting: RHB Michael Montgomery 0-0: Foul Ball, location: 2F
0-1: Fielders Choice at 2nd, 5-4 (Groundball, 56)
Mike Russell scores
Paul Houston to third
Batting: LHB Gregg Young 0-0: Ball
1-0: Ball
2-0: Ball
3-0: Called Strike
3-1: DOUBLE (Line Drive, 5D)
Paul Houston scores
Michael Montgomery to third
Batting: SHB Ray Davis 0-0: Ball
1-0: Foul Ball, location: 2F
1-1: Foul Ball, location: 2F
1-2: Strikes out swinging
Top of the 1st over - 3 run(s), 4 hit(s), 0 error(s), 2 left on base; Mercer Island 3 - Phoenix Hotspur 0
BOTTOM OF THE 1ST
Phoenix Hotspur Youth batting - Pitching for Mercer Island Screaming Eagles : LHP Tim Fitzgerald
Pitching: LHP Tim Fitzgerald
Batting: RHB Alejandro Ibarra 0-0: Ball
1-0: Ball
2-0: Ball
3-0: Base on Balls
Batting: LHB Alberto Torres 0-0: Ball
1-0: Ball
2-0: Fly out, F8 (Flyball, 8LS)
Batting: RHB Patrick Shaw 0-0: Ball
Alejandro Ibarra steals 2nd base
1-0: Called Strike
1-1: Ball
2-1: Ground out 6-3 (Groundball, 6M)
Alejandro Ibarra to third
Batting: RHB Jorge Rosales 0-0: Called Strike
0-1: Ball
1-1: Called Strike
Steal of home, Alejandro Ibarra is safe
1-2: Ball
2-2: Foul Ball, location: 2F
2-2: Ground out 5-3 (Groundball, 5L)
Bottom of the 1st over - 1 run(s), 0 hit(s), 0 error(s), 0 left on base; Mercer Island 3 - Phoenix Hotspur 1
TOP OF THE 2ND
Mercer Island Screaming Eagles batting - Pitching for Phoenix Hotspur Youth : RHP Craig Fawsyde
Batting: LHB Jeff Lee 0-0: Called Strike
0-1: Ball
1-1: Fly out, F8 (Flyball, 89D)
Batting: SHB Mauro López 0-0: Ball
1-0: Called Strike
1-1: Foul Ball, location: 2F
1-2: Fly out, F7 (Line Drive, 78M)
Batting: SHB Stephen Yates 0-0: Called Strike
0-1: Fly out, F9 (Line Drive, 89M)
Top of the 2nd over - 0 run(s), 0 hit(s), 0 error(s), 0 left on base; Mercer Island 3 - Phoenix Hotspur 1
BOTTOM OF THE 2ND
Phoenix Hotspur Youth batting - Pitching for Mercer Island Screaming Eagles : LHP Tim Fitzgerald
Batting: LHB Michael Donahue 0-0: Ball
1-0: Ball
2-0: Called Strike
2-1: Ball
3-1: Base on Balls
Batting: RHB Nick Reed 0-0: Foul Ball, location: 2F
0-1: Fly out, F8 (Line Drive, 78M)
Batting: LHB Dave Wynn 0-0: Ball
1-0: Ball
2-0: SINGLE (Groundball, 34D)
Michael Donahue to second
Runner from 2nd tries for 3rd, SAFE, throw made to third
Batting: LHB Torquato Villani 0-0: Grounds into double play, 4-6-3 (Groundball, 4)
Bottom of the 2nd over - 0 run(s), 1 hit(s), 0 error(s), 1 left on base; Mercer Island 3 - Phoenix Hotspur 1
TOP OF THE 3RD
Mercer Island Screaming Eagles batting - Pitching for Phoenix Hotspur Youth : RHP Craig Fawsyde
Batting: LHB Mike Russell 0-0: Ball
1-0: Ball
2-0: Called Strike
2-1: Swinging Strike
2-2: Ball
3-2: Base on Balls
Batting: RHB Paul Houston 0-0: Ball
1-0: SINGLE (Line Drive, 6MD)
Mike Russell to second
Runner from 2nd tries for 3rd, SAFE, throw made to third
Batting: RHB Scotty Anderson 0-0: Ball
Pickoff Throw to First - Error! E1
Mike Russell scores
Paul Houston to second
1-0: Ball
2-0: Called Strike
2-1: Foul Ball, location: 2F
2-2: Strikes out swinging
Batting: RHB Michael Montgomery 0-0: Called Strike
0-1: Ball
1-1: Ball
2-1: SINGLE (Flyball, 8LS)
Paul Houston to third
Runner from 3rd tries for Home, SAFE, no throw or cutoff
Pitching: RHP Jesús Mendoza
Batting: LHB Gregg Young 0-0: Called Strike
0-1: Fly out, F9 (Flyball, 9S)
Batting: SHB Ray Davis 0-0: Ball
1-0: Ball
2-0: Ball
3-0: Called Strike
3-1: Called Strike
3-2: Base on Balls
Michael Montgomery to second
Batting: LHB Jeff Lee 0-0: Fly out, F8 (Flyball, 8LXD)
Top of the 3rd over - 2 run(s), 2 hit(s), 1 error(s), 2 left on base; Mercer Island 5 - Phoenix Hotspur 1
BOTTOM OF THE 3RD
Phoenix Hotspur Youth batting - Pitching for Mercer Island Screaming Eagles : LHP Tim Fitzgerald
Batting: SHB Jesús González 0-0: Ball
1-0: Fly out, F6 (Popup, 6)
Batting: RHB Alejandro Ibarra 0-0: Fly out, F9 (Flyball, 9M)
Batting: LHB Alberto Torres 0-0: Called Strike
0-1: Ball
1-1: Ball
2-1: SINGLE (Line Drive, 4MD)
Batting: RHB Patrick Shaw 0-0: Swinging Strike
0-1: Swinging Strike
0-2: Ground out 4-3 (Groundball, 4)
Bottom of the 3rd over - 0 run(s), 1 hit(s), 0 error(s), 1 left on base; Mercer Island 5 - Phoenix Hotspur 1
TOP OF THE 4TH
Mercer Island Screaming Eagles batting - Pitching for Phoenix Hotspur Youth : RHP Jesús Mendoza
Batting: SHB Mauro López 0-0: Called Strike
0-1: Ball
1-1: Swinging Strike
1-2: Ball
2-2: Foul Ball, location: 2F
2-2: Ball
3-2: Foul Ball, location: 2F
3-2: Base on Balls
Batting: SHB Stephen Yates 0-0: Called Strike
0-1: Grounds into double play, 5-4-3 (Groundball, 56)
Batting: LHB Mike Russell 0-0: Called Strike
0-1: Called Strike
0-2: Ball
1-2: DOUBLE (Line Drive, 3L)
Batting: RHB Paul Houston 0-0: Ball
1-0: Ball
2-0: Called Strike
2-1: Foul Ball, location: 2F
2-2: Fly out, F8 (Flyball, 8RD)
Top of the 4th over - 0 run(s), 1 hit(s), 0 error(s), 1 left on base; Mercer Island 5 - Phoenix Hotspur 1
BOTTOM OF THE 4TH
Phoenix Hotspur Youth batting - Pitching for Mercer Island Screaming Eagles : LHP Tim Fitzgerald
Batting: RHB Jorge Rosales 0-0: Ball
1-0: Swinging Strike
1-1: Fly out, F7 (Flyball, 78S)
Batting: LHB Michael Donahue 0-0: Ball
1-0: Swinging Strike
1-1: Called Strike
1-2: Ball
2-2: Foul Ball, location: 2F
2-2: Ball
3-2: Strikes out swinging
Batting: RHB Nick Reed 0-0: Ball
1-0: Ball
2-0: Ball
3-0: Base on Balls
Batting: LHB Dave Wynn 0-0: Called Strike
0-1: Ball
1-1: Foul Ball, location: 2F
1-2: Strikes out swinging
Bottom of the 4th over - 0 run(s), 0 hit(s), 0 error(s), 1 left on base; Mercer Island 5 - Phoenix Hotspur 1
TOP OF THE 5TH
Mercer Island Screaming Eagles batting - Pitching for Phoenix Hotspur Youth : RHP Jesús Mendoza
Batting: RHB Scotty Anderson 0-0: Ball
1-0: Called Strike
1-1: Ball
2-1: Fly out, F7 (Flyball, 78M)
Batting: RHB Michael Montgomery 0-0: Fly out, F7 (Flyball, 7D)
Batting: LHB Gregg Young 0-0: Ball
1-0: Swinging Strike
1-1: Swinging Strike
1-2: Ball
2-2: Ball
3-2: Ground out 6-3 (Groundball, 6M)
Top of the 5th over - 0 run(s), 0 hit(s), 0 error(s), 0 left on base; Mercer Island 5 - Phoenix Hotspur 1
BOTTOM OF THE 5TH
Phoenix Hotspur Youth batting - Pitching for Mercer Island Screaming Eagles : LHP Tim Fitzgerald
Batting: LHB Torquato Villani 0-0: Ball
1-0: Ground out 4-3 (Groundball, 4M)
Batting: SHB Jesús González 0-0: Ball
1-0: Called Strike
1-1: Ball
2-1: SINGLE (Groundball, 13) (infield hit)
Batting: RHB Alejandro Ibarra 0-0: Ball
1-0: Foul Ball, location: 2F
1-1: Foul Ball, location: 2F
1-2: Foul Ball, location: 2F
1-2: Ball
2-2: Ground out 6-3 (Groundball, 6)
Jesús González to second
Batting: LHB Alberto Torres 0-0: Ball
1-0: Called Strike
1-1: SINGLE (Line Drive, 9S)
Jesús González to third
Batting: RHB Patrick Shaw 0-0: Called Strike
0-1: Called Strike
0-2: Fly out, F9 (Flyball, 9M)
Bottom of the 5th over - 0 run(s), 2 hit(s), 0 error(s), 2 left on base; Mercer Island 5 - Phoenix Hotspur 1
TOP OF THE 6TH
Mercer Island Screaming Eagles batting - Pitching for Phoenix Hotspur Youth : RHP Jesús Mendoza
Batting: SHB Ray Davis 0-0: Foul Ball, location: 2F
0-1: SOLO HOME RUN (Flyball, 9LD), Distance : 352 ft
Batting: LHB Jeff Lee 0-0: Called Strike
0-1: Foul Ball, location: 2F
0-2: Ball
1-2: Foul Ball, location: 2F
1-2: Ground out 4-3 (Groundball, 4)
Batting: SHB Mauro López 0-0: Swinging Strike
0-1: Foul Ball, location: 2F
0-2: Fly out, F7 (Flyball, 7M)
Batting: SHB Stephen Yates 0-0: Called Strike
0-1: Ball
1-1: Swinging Strike
1-2: Ball
2-2: SINGLE (Line Drive, 7S)
Pitching: LHP Corey Woods
Batting: LHB Mike Russell 0-0: Foul Ball, location: 2F
0-1: Foul Ball, location: 2F
0-2: Ball
1-2: Strikes out swinging
Top of the 6th over - 1 run(s), 2 hit(s), 0 error(s), 1 left on base; Mercer Island 6 - Phoenix Hotspur 1
BOTTOM OF THE 6TH
Phoenix Hotspur Youth batting - Pitching for Mercer Island Screaming Eagles : LHP Tim Fitzgerald
Batting: RHB Jorge Rosales 0-0: Ball
1-0: Ball
2-0: Foul Ball, location: 2F
2-1: Fly out, F3 (Popup, 34S)
Batting: LHB Michael Donahue 0-0: Called Strike
0-1: Swinging Strike
0-2: Foul Ball, location: 2F
0-2: Ball
1-2: Foul Ball, location: 2F
1-2: Foul Ball, location: 2F
1-2: Foul Ball, location: 2F
1-2: SINGLE (Flyball, 8RS)
Batting: RHB Nick Reed 0-0: SINGLE (Line Drive, 4MD)
Michael Donahue to second
Batting: LHB Dave Wynn 0-0: Called Strike
0-1: Called Strike
0-2: Ball
1-2: Ball
2-2: Strikes out swinging
Batting: LHB Torquato Villani 0-0: Called Strike
0-1: Called Strike
0-2: SINGLE (Line Drive, 34D)
Michael Donahue to third
Nick Reed to second
Runner from 3rd tries for Home, SAFE, throw made home
Nick Reed to third
Torquato Villani to second
Batting: SHB Jesús González 0-0: Called Strike
0-1: SINGLE (Groundball, 25) (infield hit)
Nick Reed scores
Torquato Villani to third
Batting: RHB Alejandro Ibarra 0-0: Called Strike
0-1: Ball
1-1: Ball
2-1: Ball
3-1: SINGLE (Line Drive, 9S)
Torquato Villani scores
Jesús González to second
Batting: LHB Alberto Torres 0-0: Called Strike
0-1: Called Strike
0-2: Ball
1-2: Ball
2-2: Ball
3-2: SINGLE (Groundball, 34)
Jesús González to third
Alejandro Ibarra to second
Jesús González scores
Alejandro Ibarra to third
Pitching: RHP José Contreras
Batting: RHB Patrick Shaw 0-0: Ball
1-0: Called Strike
1-1: Foul Ball, location: 2F
1-2: Foul Ball, location: 2F
1-2: Strikes out looking
Bottom of the 6th over - 4 run(s), 6 hit(s), 0 error(s), 2 left on base; Mercer Island 6 - Phoenix Hotspur 5
TOP OF THE 7TH
Mercer Island Screaming Eagles batting - Pitching for Phoenix Hotspur Youth : LHP Corey Woods
Batting: RHB Paul Houston 0-0: Reached on error, E6 (Groundball, 6)
Batting: RHB Scotty Anderson 0-0: Ball
1-0: Called Strike
1-1: Grounds into double play, 4-6-3 (Groundball, 4)
Batting: RHB Michael Montgomery 0-0: Ball
1-0: Ball
2-0: Called Strike
2-1: Ground out 4-3 (Groundball, 4)
Top of the 7th over - 0 run(s), 0 hit(s), 1 error(s), 0 left on base; Mercer Island 6 - Phoenix Hotspur 5
BOTTOM OF THE 7TH
Phoenix Hotspur Youth batting - Pitching for Mercer Island Screaming Eagles : RHP José Contreras
Batting: RHB Jorge Rosales 0-0: Called Strike
0-1: Ball
1-1: Foul Ball, location: 2F
1-2: Foul Ball, location: 2F
1-2: Foul Ball, location: 2F
1-2: Foul Ball, location: 2F
1-2: Ball
2-2: Ground out 5-3 (Groundball, 5S)
Batting: LHB Michael Donahue 0-0: Called Strike
0-1: Ground out 6-3 (Groundball, 6)
Batting: RHB Nick Reed 0-0: Foul Ball, location: 2F
0-1: Swinging Strike
0-2: Ball
1-2: Ball
2-2: Ball
3-2: Foul Ball, location: 2F
3-2: SINGLE (Groundball, 56)
Batting: LHB Dave Wynn 0-0: Ball
1-0: Ball
2-0: Swinging Strike
2-1: Foul Ball, location: 2F
2-2: Foul Ball, location: 2F
2-2: Foul Ball, location: 2F
2-2: Foul Ball, location: 2F
2-2: Strikes out swinging
Bottom of the 7th over - 0 run(s), 1 hit(s), 0 error(s), 1 left on base; Mercer Island 6 - Phoenix Hotspur 5
TOP OF THE 8TH
Mercer Island Screaming Eagles batting - Pitching for Phoenix Hotspur Youth : LHP Corey Woods
Batting: LHB Gregg Young 0-0: Called Strike
0-1: Foul Ball, location: 2F
0-2: Ball
1-2: Strikes out swinging
Batting: SHB Ray Davis 0-0: Ball
1-0: Ball
2-0: Foul Ball, location: 2F
2-1: Ball
3-1: Ground out 6-3 (Groundball, 6)
Batting: LHB Jeff Lee 0-0: Ball
1-0: Called Strike
1-1: Foul Ball, location: 2F
1-2: Ball
2-2: Strikes out swinging
Top of the 8th over - 0 run(s), 0 hit(s), 0 error(s), 0 left on base; Mercer Island 6 - Phoenix Hotspur 5
BOTTOM OF THE 8TH
Phoenix Hotspur Youth batting - Pitching for Mercer Island Screaming Eagles : RHP José Contreras
Pitching: RHP Jim Unknown
Batting: LHB Torquato Villani 0-0: Ball
1-0: Ball
2-0: Called Strike
2-1: SOLO HOME RUN (Flyball, 9LD), Distance : 334 ft
Pinch Hitting: SHB Jim Unknown 0-0: Ball
1-0: Ground out 6-3 (Groundball, 6M)
Pinch Hitting: LHB Joe Perry 0-0: Swinging Strike
0-1: Ball
1-1: Foul Ball, location: 2F
1-2: Strikes out swinging
Batting: LHB Alberto Torres 0-0: Ball
1-0: Called Strike
1-1: Ball
2-1: DOUBLE (Line Drive, 5D)
Batting: RHB Patrick Shaw 0-0: Fly out, F7 (Popup, 7LSF)
Bottom of the 8th over - 1 run(s), 2 hit(s), 0 error(s), 1 left on base; Mercer Island 6 - Phoenix Hotspur 6
TOP OF THE 9TH
Mercer Island Screaming Eagles batting - Pitching for Phoenix Hotspur Youth : LHP Corey Woods
Now at 2B: Jim Unknown
Now in RF: Joe Perry
Pinch Hitting: RHB Luis Antonio Hernández 0-0: Called Strike
0-1: Foul Ball, location: 2F
0-2: Ball
1-2: Strikes out swinging
Batting: SHB Stephen Yates 0-0: Called Strike
0-1: Foul Ball, location: 2F
0-2: Foul Ball, location: 2F
0-2: Foul Ball, location: 2F
0-2: Foul Ball, location: 2F
0-2: Foul Ball, location: 2F
0-2: Foul Ball, location: 2F
0-2: Ball
1-2: Ball
2-2: Ball
3-2: Foul Ball, location: 2F
3-2: Fly out, F7 (Line Drive, 7M)
Pinch Hitting: RHB P.J. O'Keefe 0-0: Ball
1-0: Foul Ball, location: 2F
1-1: Foul Ball, location: 2F
1-2: Foul Ball, location: 2F
1-2: Ball
2-2: SINGLE (Groundball, 6MD)
Batting: RHB Paul Houston 0-0: Foul Ball, location: 2F
0-1: Ball
1-1: Ball
2-1: Foul Ball, location: 2F
2-2: Ground out 5-3 (Groundball, 56S)
Top of the 9th over - 0 run(s), 1 hit(s), 0 error(s), 1 left on base; Mercer Island 6 - Phoenix Hotspur 6
BOTTOM OF THE 9TH
Phoenix Hotspur Youth batting - Pitching for Mercer Island Screaming Eagles : RHP Jim Unknown
Now in CF: Jon Jenkins
Now in RF: Luis Antonio Hernández
Pinch Hitting: RHB Jim Unknown 0-0: Ball
1-0: Ball
2-0: Ball
3-0: Called Strike
3-1: Ground out 4-3 (Groundball, 13)
Pinch Hitting: RHB Jim Unknown 0-0: Ball
1-0: Called Strike
1-1: Foul Ball, location: 2F
1-2: Ball
2-2: Strikes out swinging
Batting: RHB Nick Reed 0-0: Ball
1-0: Foul Ball, location: 2F
1-1: Swinging Strike
1-2: SINGLE (Flyball, 9LS)
Batting: LHB Dave Wynn 0-0: Called Strike
0-1: Ball
1-1: Ball
2-1: Ball
3-1: Base on Balls
Nick Reed to second
Batting: LHB Torquato Villani 0-0: Ball
1-0: Called Strike
1-1: Ball
2-1: Fly out, F6 (Flyball, 7LSF)
Bottom of the 9th over - 0 run(s), 1 hit(s), 0 error(s), 2 left on base; Mercer Island 6 - Phoenix Hotspur 6
TOP OF THE 10TH
Mercer Island Screaming Eagles batting - Pitching for Phoenix Hotspur Youth : LHP Corey Woods
Now at 2B: Jim Unknown
Now at SS: Jorge Martínez
Pinch Hitting: RHB Kenzaburo Hori 0-0: Ball
1-0: Fly out, F4 (Popup, 8LS)
Pitching: RHP Jesús Olvero
Pinch Hitting: LHB Emery Miller 0-0: Called Strike
0-1: Foul Ball, location: 2F
0-2: Foul Ball, location: 2F
0-2: Foul Ball, location: 2F
0-2: Foul Ball, location: 2F
0-2: Foul Ball, location: 2F
0-2: Ball
1-2: Ball
2-2: Ball
3-2: Fly out, F6 (Popup, 56)
Pinch Hitting: LHB Nelson Plasenia 0-0: Called Strike
0-1: Ball
1-1: Ball
2-1: Foul Ball, location: 2F
2-2: SINGLE (Groundball, 34D)
Batting: SHB Ray Davis 0-0: Called Strike
0-1: Foul Ball, location: 2F
0-2: Ball
1-2: Foul Ball, location: 2F
1-2: Ball
2-2: Foul Ball, location: 2F
2-2: Strikes out swinging
Top of the 10th over - 0 run(s), 1 hit(s), 0 error(s), 1 left on base; Mercer Island 6 - Phoenix Hotspur 6
BOTTOM OF THE 10TH
Phoenix Hotspur Youth batting - Pitching for Mercer Island Screaming Eagles : RHP Jim Unknown
Pitching: RHP Jim Unknown
Now at C: Alberto Trejo
Now at 1B: Emery Miller
Now at SS: Nelson Plasenia
Batting: SHB Jim Unknown 0-0: Called Strike
0-1: Ball
1-1: Foul Ball, location: 2F
1-2: Fly out, F5 (Popup, 56)
Batting: LHB Joe Perry 0-0: Ball
1-0: Swinging Strike
1-1: Called Strike
1-2: Fly out, F7 (Flyball, 7LM)
Batting: LHB Alberto Torres 0-0: Foul Ball, location: 2F
0-1: Ball
1-1: Reached on error, E1 (Groundball, 13)
Batting: RHB Patrick Shaw 0-0: Fielders Choice at 2nd, 5-4 (Groundball, 56)
Bottom of the 10th over - 0 run(s), 0 hit(s), 1 error(s), 0 left on base; Mercer Island 6 - Phoenix Hotspur 6
TOP OF THE 11TH
Mercer Island Screaming Eagles batting - Pitching for Phoenix Hotspur Youth : RHP Jesús Olvero
Batting: LHB Jeff Lee 0-0: Ball
1-0: Called Strike
1-1: Foul Ball, location: 2F
1-2: Foul Ball, location: 2F
1-2: SOLO HOME RUN (Flyball, 89XD), Distance : 406 ft
Batting: RHB Luis Antonio Hernández 0-0: Ball
1-0: Foul Ball, location: 2F
1-1: Fly out, F9 (Flyball, 9M)
Batting: SHB Stephen Yates 0-0: Called Strike
0-1: Ball
1-1: Foul Ball, location: 2F
1-2: Hit by Pitch
Pitching: LHP Jeff Burrell
Pinch Hitting: RHB Bernardo Silva 0-0: Called Strike
0-1: Ball
1-1: Swinging Strike
1-2: Fly out, F6 (Popup, 6)
Batting: RHB Paul Houston 0-0: Ball
1-0: Called Strike
1-1: Ball
2-1: Fielders Choice at 2nd, 5-4 (Groundball, 5)
Top of the 11th over - 1 run(s), 1 hit(s), 0 error(s), 0 left on base; Mercer Island 7 - Phoenix Hotspur 6
BOTTOM OF THE 11TH
Phoenix Hotspur Youth batting - Pitching for Mercer Island Screaming Eagles : RHP Jim Unknown
Now at 1B: Bernardo Silva
Batting: RHB Jorge Martínez 0-0: Ball
1-0: Called Strike
1-1: Ball
2-1: Called Strike
2-2: Ball
3-2: Foul Ball, location: 2F
3-2: Foul Ball, location: 2F
3-2: Base on Balls
Batting: RHB Jim Unknown 0-0: Foul Ball, location: 2F
0-1: Foul Ball, location: 2F
0-2: Foul Ball, location: 2F
0-2: Ball
1-2: Ball
2-2: Ball
3-2: Foul Ball, location: 2F
3-2: Foul Ball, location: 2F
3-2: Fly out, F4 (Popup, 89S)
Batting: RHB Nick Reed 0-0: Called Strike
0-1: Called Strike
0-2: Ball
1-2: Foul Ball, location: 2F
1-2: Strikes out looking
Batting: LHB Dave Wynn 0-0: Ball
1-0: Called Strike
1-1: Swinging Strike
1-2: Foul Ball, location: 2F
1-2: Foul Ball, location: 2F
1-2: Ball
2-2: Ball
3-2: Base on Balls
Jorge Martínez to second
Batting: LHB Torquato Villani 0-0: Called Strike
0-1: Called Strike
0-2: Ball
1-2: SINGLE (Flyball, 4MD)
Jorge Martínez to third
Dave Wynn to second
Runner from 3rd tries for Home, SAFE, throw made home
Dave Wynn to third
Torquato Villani to second
Batting: SHB Jim Unknown 0-0: Ball
1-0: Called Strike
1-1: Foul Ball, location: 2F
Single, Error in OF, E9, batter to second base
Dave Wynn scores
This league is powered by Out of the Park Baseball, the baseball management simulation game for PC, Mac and Linux
Monday, May 4th, 2015 - OOTP Baseball 15.6 Build 34